AoeStats
← dean03110206

Arena

505881607Analyzed
4v4 RM · 20d ago on Sep 11, 2026· 45m 4s· 8 players
Game mode
Random Map
Map size
Large (8 player)
Population
200
Speed
Normal
Resources
Standard
Victory
Conquest
Starting age
Dark Age
Ending age
Imperial Age
RankedLock teamsTeams togetherTeam positionsShared explorationLock speedFull tech treeHidden civsTurbo modeCheats
Victory
Defeat
🇰🇷 Poles · South Korea
1055
+41
🇹🇼 Britons · Taiwan
1044
+14
🇨🇱 Bulgarians · Chile
999
+16
🇨🇦 Aztecs · Canada
985
+17
🇬🇧 Japanese · United Kingdom
1059
-17
🇨🇳 Persians · China
1029
-16
🇪🇸 Goths · Spain
989
-15
🇦🇺 Wei · Australia
949
-13
KTaylor954488
11:01 Feudal Age
15:52 Castle Age
14:31 Double-Bit Axe
14:28 Horse Collar
17:06 Stone Mining
18:14 Bow Saw
19:00 Loom
22:14 Gold Mining
22:46 Scale Mail Armor
26:06 Squires
25:52 Gambesons
27:17 Chain Mail Armor
30:12 Wheelbarrow
33:43 Arson
34:12 Fletching
34:23 Padded Archer Armor
34:37 Forging
36:16 Bodkin Arrow
43:22 Imperial Age
42:25 Pikeman
BigBubba1836
8:32 Loom
12:48 Feudal Age
15:41 Horse Collar
21:09 Castle Age
19:26 Stone Mining
19:51 Fletching
19:57 Gold Mining
19:56 Double-Bit Axe
22:02 Heavy Plow
23:51 Stone Shaft Mining
25:08 Gold Mining
27:46 Gold Shaft Mining
31:56 Fletching
32:07 Padded Archer Armor
33:44 Bodkin Arrow
34:04 Leather Archer Armor
37:01 Imperial Age
36:13 Wheelbarrow
35:26 Town Watch
38:22 Ballistics
39:02 Chemistry
38:31 Hand Cart
38:51 Parthian Tactics
LEG_VII_GEM
0:38 Loom
10:13 Feudal Age
10:48 Double-Bit Axe
10:46 Horse Collar
18:55 Castle Age
20:02 Bow Saw
19:55 Heavy Plow
22:44 Gold Mining
22:33 Pikeman
24:06 Wheelbarrow
26:21 Stone Mining
30:53 Imperial Age
29:26 Forging
30:51 Hand Cart
32:43 Chemistry
32:52 Two-Man Saw
32:29 Stone Shaft Mining
33:21 Anarchy
33:27 Squires
32:56 Halberdier
34:36 Conscription
35:30 Scale Mail Armor
36:06 Iron Casting
35:04 Elite Huskarl
37:45 Murder Holes
月落星河
10:28 Feudal Age
12:34 Loom
15:28 Castle Age
13:34 Horse Collar
18:00 Double-Bit Axe
22:25 Wheelbarrow
22:16 Bow Saw
23:07 Heavy Plow
23:26 Gold Mining
25:02 Hand Cart
25:55 Gold Shaft Mining
25:20 Stone Mining
28:11 Stone Shaft Mining
27:40 Devotion
27:36 Herbal Medicine
31:12 Imperial Age
29:31 Ballistics
29:20 Scale Barding Armor
29:26 Forging
29:08 Town Watch
30:47 Murder Holes
31:16 Chain Barding Armor
31:33 Iron Casting
32:32 Chemistry
31:58 Conscription
33:25 Elite War Elephant
34:17 Citadels
35:15 Plate Barding Armor
35:41 Blast Furnace
34:42 Padded Archer Armor
34:33 Fletching
35:57 Two-Man Saw
35:29 Crop Rotation
35:17 Masonry
35:15 Husbandry
35:34 Bloodlines
36:09 Light Cavalry
36:59 Scale Mail Armor
37:27 Elite Skirmisher
38:15 Thumb Ring
38:33 Leather Archer Armor
37:42 Hussar
37:48 Pikeman
38:29 Squires
38:53 Halberdier
42:36 Heavy Camel Rider
44:37 Chain Mail Armor
44:19 Bodkin Arrow
Elite Seraphim
9:06 Loom
11:41 Feudal Age
10:54 Loom
13:40 Double-Bit Axe
16:34 Castle Age
14:32 Horse Collar
14:46 Double-Bit Axe
16:45 Wheelbarrow
18:52 Hand Cart
20:22 Bow Saw
20:30 Heavy Plow
23:18 Gold Mining
23:20 Stone Mining
29:33 Squires
29:20 Arson
29:23 Gambesons
33:11 Imperial Age
32:37 Man-at-Arms
33:35 Forging
33:25 Scale Mail Armor
34:24 Chain Mail Armor
34:47 Iron Casting
34:39 Garland Wars
34:40 Conscription
34:04 Long Swordsman
35:40 Gold Shaft Mining
35:40 Stone Shaft Mining
35:39 Plate Mail Armor
36:09 Blast Furnace
35:03 Fletching
35:16 Padded Archer Armor
35:17 Atlatl
34:40 Elite Skirmisher
34:45 Two-Handed Swordsman
35:56 Champion
36:53 Bodkin Arrow
37:56 Crop Rotation
38:38 Chemistry
37:59 Ballistics
37:56 Leather Archer Armor
37:42 Bracer
40:55 Pikeman
41:00 Eagle Warrior
41:03 Crossbowman
41:59 Fortified Wall
41:54 Siege Engineers
RARRY
10:04 Feudal Age
14:47 Castle Age
12:44 Horse Collar
13:18 Double-Bit Axe
15:50 Bow Saw
22:37 Wheelbarrow
22:00 Gold Mining
23:01 Town Watch
27:06 Imperial Age
24:46 Heavy Plow
25:39 Hand Cart
25:35 Scale Barding Armor
25:41 Forging
26:26 Chain Barding Armor
26:56 Stone Mining
27:49 Iron Casting
27:49 Bloodlines
27:39 Husbandry
27:01 Light Cavalry
29:41 Blast Furnace
28:33 Fletching
28:50 Siege Engineers
29:08 Ballistics
29:48 Chemistry
30:40 Szlachta Privileges
30:45 Bodkin Arrow
30:50 Padded Archer Armor
30:15 Cavalier
31:34 Masonry
32:07 Conscription
32:54 Crop Rotation
33:34 Lechitic Legacy
33:35 Bracer
33:33 Winged Hussar
36:15 Elite Obuch
38:21 Padded Archer Armor
40:13 Fervor
40:24 Sanctity
41:15 Elite Obuch
42:31 Hoardings
41:59 Pikeman
42:40 Squires
42:25 Arson
44:06 Town Patrol
43:52 Loom
dean03110206
0:27 Loom
10:58 Feudal Age
16:18 Castle Age
31:17 Imperial Age
28:57 Pikeman
29:40 Squires
30:41 Wheelbarrow
30:08 Crossbowman
31:06 Fortified Wall
33:04 Fletching
33:21 Stone Mining
33:22 Gold Mining
34:14 Arbalester
35:25 Bodkin Arrow
37:30 Chemistry
37:14 Bracer
37:42 Padded Archer Armor
37:07 Man-at-Arms
39:00 Warwolf
39:13 Halberdier
39:47 Halberdier
41:54 Scale Mail Armor
42:05 Forging
44:06 Hand Cart
44:57 Double-Bit Axe
CL.CKrugger
11:56 Feudal Age
17:11 Castle Age
15:44 Double-Bit Axe
21:59 Horse Collar
30:13 Wheelbarrow
30:13 Stone Mining
30:14 Gold Mining
30:29 Heavy Plow
32:29 Hand Cart
36:30 Imperial Age
35:29 Gold Shaft Mining
35:19 Bow Saw
35:49 Forging
36:11 Husbandry
35:34 Light Cavalry
37:30 Iron Casting
37:00 Scale Barding Armor
37:28 Loom
38:22 Stone Shaft Mining
37:59 Town Watch
40:10 Blast Furnace
39:31 Chain Barding Armor
42:10 Fletching
Connection lost

Rejoining the realm…

Still unreachable

The connection could not be restored.

Session expired

The server has moved on; the page needs a fresh start.